 Dungeon Crawl Stone Soup version 0.27-a0-1051-g288ea87c7c (webtiles) character file.

Game seed: 13177481000753788424

10546 pokeman the Thaumaturge (level 11, -7/60 HPs)
             Began as a Deep Elf Hedge Wizard on Apr 21, 2021.
             Was an Elder of Vehumet.
             Mangled by a skeletal warrior
             ... wielding a +0 battleaxe
             ... led by a skeletal warrior
              (9 damage)
             ... on level 9 of the Dungeon.
             The game lasted 00:34:25 (9241 turns).

pokeman the Thaumaturge (Deep Elf Hedge Wizard)     Turns: 9241, Time: 00:34:26

Health: -7/60      AC: 10    Str:  7    XL:     11   Next: 37%
Magic:  15/31      EV: 17    Int: 23    God:    Vehumet [****..]
Gold:   431        SH:  0    Dex: 14    Spells: 27/39 levels left

rFire    . . .     SeeInvis .   d - +1 short sword (venom)
rCold    . . .     Faith    .   (no shield)
rNeg     . . .     Spirit   .   u - +0 steam dragon scales
rPois    .         Reflect  .   c - +0 hat
rElec    .         Harm     .   A - +2 cloak
rCorr    .         Rampage  .   p - +0 pair of gloves
Will     +....                  C - +0 pair of boots
Stlth    ++........             t - amulet of magic regeneration
HPRegen  0.20/turn              n - +4 ring of evasion
MPRegen  0.47/turn              l - ring of wizardry

@: no status effects
A: no striking features
a: Renounce Religion


You were on level 9 of the Dungeon.
You worshipped Vehumet.
Vehumet was greatly pleased with you.
You visited 1 branch of the dungeon, and saw 9 of its levels.
You also visited: Sewer and Bailey.

You collected 722 gold pieces.
You spent 291 gold pieces at shops.

Inventory:

Hand Weapons
 d - a +1 short sword of venom (weapon)
 m - a +0 arbalest
 E - a +0 shortbow
Missiles
 g - 69 bolts
 o - 131 arrows
Armour
 c - a +0 hat (worn)
 p - a +0 pair of gloves (worn)
 u - +0 steam dragon scales (worn)
 v - a +0 kite shield
 A - a +2 cloak (worn)
 C - a +0 pair of boots (worn)
Jewellery
 e - a +6 ring of strength
 l - a ring of wizardry (right hand)
 n - a +4 ring of evasion (left hand)
 q - an amulet of the acrobat
 s - a ring of willpower
 t - an amulet of magic regeneration (around neck)
 F - an amulet of guardian spirit
 H - a ring of resist corrosion
 O - a ring of fire
 T - an amulet of reflection
Wands
 r - a wand of polymorph (4)
 I - a wand of acid (1)
 Q - a wand of flame (19)
 S - a wand of charming (6)
Scrolls
 b - a scroll of silence
 f - 4 scrolls of vulnerability {unknown}
 i - a scroll of enchant weapon {unknown}
 w - a scroll of brand weapon {unknown}
 x - a scroll of fog {unknown}
 y - 2 scrolls of magic mapping
 B - 3 scrolls of teleportation
 J - a scroll of blinking
 K - a scroll of fear
 L - a scroll of noise {unknown}
 P - a scroll of holy word {unknown}
Potions
 a - 3 potions of berserk rage
 h - 6 potions of haste
 j - 5 potions of brilliance
 k - a potion of flight {unknown}
 z - 3 potions of magic
 D - 2 potions of curing {unknown}
 G - a potion of mutation
 M - a potion of might {unknown}
 R - 2 potions of attraction {unknown}
Miscellaneous
 N - a phantom mirror


   Skills:
 - Level 3.0 Fighting
 + Level 2.6 Armour
 - Level 3.3 Dodging
 - Level 3.1 Stealth
 - Level 4.4 Shields
 * Level 14.7 Spellcasting
 + Level 9.0 Conjurations
 - Level 1.1 Summonings
 - Level 1.1 Translocations
 + Level 8.4 Fire Magic
 - Level 1.0 Air Magic
 - Level 1.0 Poison Magic
 - Level 1.0 Evocations


You had 27 spell levels left.
You knew the following spells:

 Your Spells              Type           Power      Damage    Failure   Level
a - Magic Dart            Conj           100%       1d8       1%          1
b - Mephitic Cloud        Conj/Pois/Air  34%        N/A       1%          3
c - Call Imp              Summ           22%        N/A       1%          2
d - Blink                 Tloc           N/A        N/A       1%          2
e - Conjure Flame         Conj/Fire      54%        6-21      1%          3
f - Shock                 Conj/Air       100%       1d9       1%          1

Your spell library contained the following spells:

 Spells                   Type           Power      Damage    Failure   Level
 Airstrike                Air            10%        N/A       2%          4
 Beastly Appendage        Tmut           32%        N/A       1%          1
 Slow                     Hex            16%        N/A       2%          2
 Wereblood                Tmut           16%        N/A       2%          2
 Spider Form              Tmut/Pois      9%         N/A       3%          3
 Ice Form                 Ice/Tmut       16%        N/A       14%         4
 Hydra Form               Tmut           8%         N/A       34%         5


Dungeon Overview and Level Annotations

Branches:
Dungeon (9/15)             Temple (0/1) D:5           Sewer (visited)
 Bailey (visited)
   Lair: D:8-11         Orc: D:9-12

Altars:
Ashenzari
Dithmenos
Elyvilon
Sif Muna
Vehumet
Wu Jian

Shops:
D:7 ?


Message History

Casting: Shock (safe; 1% risk of failure)
Confirm with . or Enter, or press ? or * to list all spells.
A beastly little devil appears in a puff of flame.
Unknown command.
You swap places.
The skeletal warrior hits your crimson imp with a +0 battleaxe.
Your crimson imp closely misses the skeletal warrior.
Unknown command.
Casting: Call Imp (safe; 1% risk of failure)
Confirm with . or Enter, or press ? or * to list all spells.
The fire begins to smolder!
The skeletal warrior hits your crimson imp with a +0 battleaxe!!
Your crimson imp dies!
Unknown command.
The fire ignites!
Aiming: Corrosive Bolt
Press: ? - help, Shift-Dir - straight line, f/p - skeletal warrior
Aim: a skeletal warrior, wielding a +0 battleaxe (moderately damaged, 71% to hit)
The bolt of acid misses the skeletal warrior.
Unknown command.
Unknown command.
Aiming: Corrosive Bolt
Press: ? - help, Shift-Dir - straight line, f/p - skeletal warrior
Aim: a skeletal warrior, wielding a +0 battleaxe (flame, moderately damaged, 71% to hit)
The bolt of acid misses the skeletal warrior.
The skeletal warrior is engulfed in blazing flames.
The skeletal warrior hits you with a +0 battleaxe!
* * * LOW HITPOINT WARNING * * *
Unknown command.
The skeletal warrior is engulfed in blazing flames.
Casting: Conjure Flame (safe; 1% risk of failure)
Confirm with . or Enter, or press ? or * to list all spells.
You blink.
The skeletal warrior hits you with a +0 battleaxe.
* * * LOW HITPOINT WARNING * * *
Casting: Blink (safe; 1% risk of failure)
Confirm with . or Enter, or press ? or * to list all spells.
You blink.
The skeletal warrior hits you with a +0 battleaxe!
You die...

#.###.##......#.# #.# #.#
#.##.######.# ... #.###.##.# #.#
#.# #.##..##.# ##+# #.#
#<.......# ##... ##.# #.#####..#
##.... ##..# #.# #.####.....
.####...########.# #.###......
.'.........z.§z@.# #...'......
.####...########.#####.###......
####..## #.......# ##.....
#......# ##.###### ##....
#....).# #.# ##... #..###.#
##.############+# #..###z#
#...#......†5# #.)hz..#
###...#.#...##.# ##.#####
#.........#..#5##.#


You could see 2 skeletal warriors.

Vanquished Creatures
  3 skeletal warriors (D:9)
  Pikel (D:5)
  4 orc knights (Bailey)
  Maurice (D:8)
  Sigmund (D:2)
  Grum (D:8)
  A wyvern (D:9)
  7 yaks
  3 steam dragons
  Purgy (Sewer)
  4 sky beasts
  12 orc warriors
  An ice beast (D:7)
  5 ogres
  3 wolves (D:8)
  3 centaurs
  4 lemures (D:5)
  4 bullfrogs
  A scorpion (D:6)
  A wyvern skeleton (D:7)
  A water moccasin skeleton (D:5)
  7 killer bees
  11 wights
  A howler monkey (D:9)
  3 centaur zombies
  A jelly (D:5)
  9 orc priests
  Crazy Yiuf (D:5)
  A bullfrog skeleton (D:5)
  A centaur skeleton (D:6)
  A gnoll shaman (D:8)
  Jessica (D:2)
  5 iguanas
  8 orc wizards
  A hound skeleton (D:5)
  A howler monkey zombie (D:8)
  3 gnolls
  4 adders
  2 river rats (D:3)
  A white imp (D:7)
  An adder zombie (D:5)
  6 worms (D:3)
  33 orcs
  4 ball pythons
  9 bats
  4 endoplasms
  9 goblins
  3 hobgoblins
  8 jackals
  A quokka (D:1)
  A frilled lizard (D:1)
  A jackal zombie (D:3)
  4 kobolds
  7 rats
215 creatures vanquished.

Vanquished Creatures (collateral kills)
  A yak (D:9)
  A gnoll (D:8)
2 creatures vanquished.

Grand Total: 217 creatures vanquished

Notes
Turn   | Place    | Note
-------+----------+-------------------------------------------
     0 | D:1      | pokeman the Deep Elf Hedge Wizard began the quest for the
                  | Orb.
     0 | D:1      | Reached XP level 1. HP: 10/10 MP: 7/7
   256 | D:1      | Reached XP level 2. HP: 16/16 MP: 6/9
   431 | D:1      | Found a faded altar of an unknown god.
   761 | D:2      | Noticed Jessica
   765 | D:2      | Killed Jessica
   766 | D:2      | Reached skill level 5 in Spellcasting
   766 | D:2      | Reached XP level 3. HP: 20/20 MP: 6/11
   770 | D:2      | Learned a level 3 spell: Mephitic Cloud
   773 | D:2      | Learned a level 2 spell: Call Imp
   776 | D:2      | Learned a level 2 spell: Blink
   780 | D:2      | Learned a level 3 spell: Conjure Flame
   812 | D:2      | Reached skill level 1 in Armour
   873 | D:2      | Reached skill level 1 in Fighting
   896 | D:2      | Found a radiant altar of Vehumet.
   932 | D:2      | Became a worshipper of Vehumet
  1288 | D:2      | Noticed Sigmund
  1303 | D:2      | Killed Sigmund
  1304 | D:2      | Reached skill level 6 in Spellcasting
  1304 | D:2      | Reached skill level 1 in Fire Magic
  1304 | D:2      | Reached XP level 4. HP: 25/25 MP: 4/14
  1304 | D:2      | Reached XP level 5. HP: 29/29 MP: 4/16
  1775 | D:3      | Reached XP level 6. HP: 11/34 MP: 6/17
  1837 | D:3      | Found a glowing drain.
  1844 | Sewer    | Entered a sewer
  1849 | Sewer    | Reached * piety under Vehumet
  1849 | Sewer    | Offered knowledge of Sandblast by Vehumet.
  1997 | Sewer    | Noticed Purgy
  2018 | Sewer    | Killed Purgy
  2019 | Sewer    | Reached skill level 7 in Spellcasting
  2019 | Sewer    | Reached skill level 1 in Air Magic
  3030 | D:4      | Reached skill level 1 in Poison Magic
  3033 | D:4      | Reached skill level 1 in Evocations
  3038 | D:4      | Reached XP level 7. HP: 20/38 MP: 14/20
  3439 | D:4      | Reached skill level 8 in Spellcasting
  3892 | D:4      | Found a shadowy altar of Dithmenos.
  3917 | D:5      | Entered Level 5 of the Dungeon
  3980 | D:5      | Reached ** piety under Vehumet
  4097 | D:5      | Found a runed translucent door.
  4098 | D:5      | Noticed Crazy Yiuf
  4106 | D:5      | Killed Crazy Yiuf
  4106 | D:5      | Offered knowledge of Shock by Vehumet.
  4109 | D:5      | Learned a level 1 spell: Shock
  4325 | D:5      | Noticed Pikel
  4339 | D:5      | Killed Pikel
  4340 | D:5      | Reached skill level 9 in Spellcasting
  4340 | D:5      | Reached XP level 8. HP: 30/45 MP: 20/23
  4537 | D:5      | Reached skill level 5 in Conjurations
  4709 | D:5      | Found a staircase to the Ecumenical Temple.
  4951 | D:6      | Reached skill level 1 in Shields
  4956 | D:6      | Reached skill level 10 in Spellcasting
  5163 | D:6      | Found an ornate altar of the Wu Jian Council.
  5182 | D:6      | Offered knowledge of Inner Flame by Vehumet.
  5183 | D:6      | Reached XP level 9. HP: 49/49 MP: 20/25
  5229 | D:6      | Reached skill level 5 in Fire Magic
  5753 | D:7      | Reached skill level 11 in Spellcasting
  5845 | D:7      | Reached *** piety under Vehumet
  6143 | D:7      | Found Qec Mom's Magic Scroll Emporium.
  6147 | D:7      | Bought a scroll of identify for 30 gold pieces
  6147 | D:7      | Bought a scroll of magic mapping for 52 gold pieces
  6147 | D:7      | Bought a scroll of teleportation for 45 gold pieces
  6147 | D:7      | Bought a scroll of blinking for 112 gold pieces
  6147 | D:7      | Bought a scroll of fear for 52 gold pieces
  6540 | D:7      | Found a broken altar of Ashenzari.
  6766 | D:8      | Reached skill level 12 in Spellcasting
  6771 | D:8      | Offered knowledge of Fulminant Prism by Vehumet.
  6939 | D:8      | Noticed Grum
  6958 | D:8      | Found a flagged portal.
  6989 | Bailey   | Entered a bailey
  6989 | Bailey   | Noticed an orc knight
  6992 | Bailey   | Noticed an orc knight
  6994 | Bailey   | Noticed an orc knight
  6999 | Bailey   | Killed an orc knight
  7000 | Bailey   | Reached XP level 10. HP: 54/54 MP: 21/28
  7035 | Bailey   | Killed an orc knight
  7036 | Bailey   | Killed an orc knight
  7037 | Bailey   | Reached skill level 13 in Spellcasting
  7051 | Bailey   | Noticed an orc knight
  7061 | Bailey   | Killed an orc knight
  7086 | Bailey   | Reached **** piety under Vehumet
  7256 | D:8      | Killed Grum
  7552 | D:8      | Noticed Maurice
  7592 | D:8      | Killed Maurice
  7706 | D:8      | Offered knowledge of Airstrike by Vehumet.
  8048 | D:8      | Found a white marble altar of Elyvilon.
  8048 | D:8      | Found a shimmering blue altar of Sif Muna.
  8120 | D:8      | Reached skill level 14 in Spellcasting
  8672 | D:9      | Reached XP level 11. HP: 52/60 MP: 31/31
  9161 | D:9      | Noticed a skeletal warrior
  9165 | D:9      | Noticed a skeletal warrior
  9166 | D:9      | Noticed a skeletal warrior
  9168 | D:9      | Noticed a skeletal warrior
  9168 | D:9      | Noticed a skeletal warrior
  9203 | D:9      | Killed a skeletal warrior
  9218 | D:9      | Killed a skeletal warrior
  9219 | D:9      | Killed a skeletal warrior
  9240 | D:9      | HP: 2/60 [skeletal warrior/+0 battleaxe[a skeletal warrior]
                  | (6)]
  9241 | D:9      | Mangled by a skeletal warrior

Illustrated notes

Levels and vault maps discovered:
D:1:      minmay_arrival_shattered_statue, layout_rooms,
          shapermc_ecumenical_altar_notcrosses
D:2:      layout_basic, basic_altar, uniq_sigmund, uniq_jessica
D:3:      layout_loops_cross, lightli_sewer_entry_pipes, minmay_checkerbox
D:4:      layout_rooms, kennysheep_mini, minmay_misc_feat_rows
D:5:      layout_loops_ring, minmay_temple_entry_trees, uniq_crazy_yiuf_cottage,
          uniq_pikel
D:6:      layout_gridville, nzn_wu_jian_council_hall
D:7:      layout_loops_ring, lemuel_round_altar, serial_shops,
          nicolae_shop_behind_doors
D:8:      layout_loops_ring, jmf_multi_god_temple, enter_bailey_2,
          kennysheep_diamond, nicolae_water_bricks, corexii_corridor_pit,
          uniq_maurice, uniq_grum
D:9:      layout_loops_corners

Skill      XL: |  1  2  3  4  5  6  7  8  9 10 11 |
---------------+----------------------------------+-----
Spellcasting   | 5 6 7 9 10 12 14 | 14.7
Armour         | 1 2 |  2.6
Fighting       | 1 2 3 |  3.0
Conjurations   | 2 3 4 5 7 8 9 |  9.0
Dodging        | 3 |  3.3
Fire Magic     | 1 2 3 4 6 7 8 |  8.4
Stealth        | 3 |  3.1
Air Magic      | 1 |  1.0
Poison Magic   | 1 |  1.0
Evocations     | 1 |  1.0
Shields        | 1 3 4 |  4.4
Summonings     | |  1.1
Translocations | |  1.1

Action                   |  1- 3 |  4- 6 |  7- 9 | 10-12 || total
-------------------------+-------+-------+-------+-------++-------
Melee: Dagger            |    12 |       |       |       ||    12
       Short sword       |     6 |    81 |    73 |   113 ||   273
 Cast: Magic Dart        |    57 |    32 |   102 |       ||   191
       Mephitic Cloud    |     1 |    12 |    26 |    37 ||    76
       Conjure Flame     |     1 |     1 |    24 |    14 ||    40
       Call Imp          |       |       |     7 |    14 ||    21
       Blink             |       |       |     2 |     8 ||    10
       Shock             |       |       |   120 |    62 ||   182
Evoke: Wand              |       |       |       |     8 ||     8
  Use: Scroll            |       |       |     5 |     2 ||     7
 Stab: Confused          |       |     5 |     6 |    25 ||    36
Armor: Robe              |    10 |       |       |       ||    10
       Leather armour    |       |     9 |    13 |       ||    22
       Steam dragon scal |       |       |     8 |    16 ||    24
Dodge: Dodged            |    27 |    58 |    71 |    89 ||   245

Table legend: (Time is in decaauts)
 A = Elapsed time spent in this place.
 B = Non-inter-level travel time spent in this place.
 C = Inter-level travel time spent in this place.
 D = Time resting spent in this place.
 E = Time spent auto-exploring this place.
 F = Levels seen in this place.
 G = Mean time per level.
                   A        B        C        D        E       F      G
               +--------+--------+--------+--------+--------+-----+--------+
         Total |   9317 |   9078 |    239 |    483 |   6545 |  11 |  847.0 |
       Dungeon |   8826 |   8587 |    239 |    422 |   6319 |   9 |  980.7 |
         Sewer |    294 |    294 |      0 |     29 |    199 |   1 |  294.0 |
        Bailey |    195 |    195 |      0 |     32 |     27 |   1 |  195.0 |
               +--------+--------+--------+--------+--------+-----+--------+

Top non-repeatable levels by time:
     D:8: 1689 daAuts
     D:3: 1259 daAuts
     D:7: 977 daAuts
     D:5: 944 daAuts
     D:6: 885 daAuts
     D:4: 833 daAuts
     D:2: 826 daAuts
     D:1: 761 daAuts
     D:9: 648 daAuts
   Sewer: 294 daAuts
  Bailey: 195 daAuts
